 Dungeon Crawl Stone Soup version 0.13.0-18-g7b03ea5 (webtiles) character file.

878 Malachi the Poker (level 7, 0/58 HPs)
             Began as a Centaur Fighter on Oct 22, 2013.
             Was an Initiate of Okawaru.
             Slain by a mummy (13 damage)
             ... in an ossuary.
             The game lasted 00:09:01 (3586 turns).

Malachi the Poker (Centaur Fighter)                 Turns: 3586, Time: 00:09:01

HP   0/58        AC 11     Str 24      XL: 7   Next: 40%
MP   4/4         EV  3     Int  7      God: Okawaru [......]
Gold 168         SH  8     Dex  8      Spells:  0 memorised,  6 levels left

Res.Fire  : . . .   See Invis. : .   a - +0 trident
Res.Cold  : . . .   Warding    : .   H - +0 plate armour (curse)
Life Prot.: . . .   Conserve   : +   o - +0 elf buckler (curse)
Res.Poison: .       Res.Corr.  : .   (no helmet)
Res.Elec. : .       Clarity    : .   f - +0 cloak (curse)
Sust.Abil.: . .     Spirit.Shd : .   J - +0 pair of elf gauntlets (curse)
Res.Mut.  : .       Stasis     : .   (no barding)
Res.Rott. : .       Flight     : .   p - cursed amulet of conservation
Saprovore : . . .                    (no ring)
                                     D - cursed +3 ring of strength

@: very quick, slightly resistant to hostile enchantments, extremely unstealthy
A: hooves 3, deformed body, herbivore 1, speed 2, fast metabolism 1, tough skin
3
a: Renounce Religion


You were in an ossuary.
You worshipped Okawaru.
Okawaru was noncommittal.
You were very hungry.

You visited 2 branches of the dungeon, and saw 6 of its levels.
You also visited: Ossuary.

You collected 190 gold pieces.
You spent 42 gold pieces at shops.

Inventory:

Hand weapons
 a - a +0,+0 trident (weapon)
 L - a cursed +0,+0 mace
Missiles
 h - 4 needles of paralysis
 s - 5 javelins (quivered)
Armour
 c - a cursed +0 shield
 f - a cursed +0 cloak (worn)
 o - a cursed +0 elven buckler (worn)
 F - a +1 dwarven shield
 H - a cursed +0 plate armour (worn)
 J - a cursed +0 pair of elven gauntlets (worn)
Comestibles
 d - 3 bread rations
 m - a meat ration
 n - an apple
 q - 16 grapes
 r - a lemon
 I - a choko
Scrolls
 b - a scroll of random uselessness {unknown}
 e - a scroll of amnesia {unknown}
 g - 8 scrolls of identify
 j - 3 scrolls of teleportation {unknown}
 k - a scroll of enchant armour {unknown}
 t - a scroll of fear {unknown}
 u - 3 scrolls of enchant weapon I {unknown}
 v - a scroll of curse jewellery {unknown}
 x - a scroll of magic mapping {unknown}
 y - 2 scrolls of remove curse {unknown}
 C - a scroll of immolation {unknown}
 G - a scroll of blinking {unknown}
Jewellery
 i - an uncursed amulet of resist corrosion {unknown}
 p - a cursed amulet of conservation (around neck)
 B - a cursed ring of teleportation
 D - a cursed +3 ring of strength (left hand)
Potions
 l - 3 potions of resistance
 w - a potion of restore abilities {unknown}
 z - a potion of invisibility {unknown}
 A - 5 potions of curing {unknown}
 E - a potion of confusion {unknown}
 M - a potion of heal wounds {unknown}
Books
 K - a Necronomicon {highlevel}

   This book is beyond your current level of understanding.

   Spells                             Type                      Level
   Borgnjor's Revivification          Necromancy                   7
   Haunt                              Necromancy/Summoning         7
   Death's Door                       Charms/Necromancy            8
   Necromutation                      Transmutation/Necromancy     8


   Skills:
 - Level 3.0 Fighting
 * Level 7.1 Polearms
 - Level 2.1 Armour
 - Level 0.3 Dodging
 - Level 0.3 Stealth
 - Level 3.0 Shields


You had 6 spell levels left.
You didn't know any spells.

Dungeon Overview and Level Annotations

Branches:
Dungeon (5/27)             Temple (1/1) D:5

Altars:
Ashenzari
Fedhas
Okawaru
Trog
Vehumet
Zin
the Shining One

Shops:
D:5 [


Innate Abilities, Weirdness & Mutations

You have hooves in place of feet.
Armour fits poorly on your strangely shaped body.
You digest meat inefficiently.
You cover ground very quickly.
You have a fast metabolism.
You have extremely tough skin (AC +3).


Message History

You puncture the mummy! You kick the mummy, but do no damage.
The mummy is moderately damaged.
The mummy hits you.
Your plate armour prevents you from hitting the mummy.
Your kick misses the mummy.
The mummy is moderately damaged.
You block the mummy's attack.
You barely miss the mummy. You kick the mummy, but do no damage.
The mummy is moderately damaged.
Your plate armour prevents you from hitting the mummy.
The mummy is moderately damaged.
The mummy barely misses you. The mummy hits you.
Your plate armour prevents you from hitting the mummy.
The mummy is moderately damaged.
The mummy hits you!
* * * LOW HITPOINT WARNING * * *
You are too injured to fight recklessly!
You are too injured to fight recklessly!
The mummy hits you!
You die...

#.....##....##...
#.................
##................
##..............#
#'##........##+
##.^##......##
##....##....##
##......#....#
#$.MM@..#....#
#$...M..#....#
#$$.....#....#
##$..!..#....#
#$$...##....#
##$.?.##....#
#$..###.∩∩.# #####
######


You could see 3 mummies.

Vanquished Creatures
  Menkaure (D:4)
  An orc wizard (D:3)
  Crazy Yiuf (D:3)
  A hound (D:4)
  An iguana (D:4)
  A jelly (D:5)
  A scorpion (D:5)
  6 worker ants
  A big kobold zombie (Ossuary)
  Jessica (D:3)
  7 mummies (Ossuary)
  5 adders
  2 giant mites
  A giant eyeball (D:5)
  An ooze (D:5)
  6 orcs
  4 ball pythons
  10 bats
  5 giant cockroaches
  7 hobgoblins
  A quokka (D:3)
  3 giant geckos
  2 giant newts (D:3)
  A gnoll zombie (Ossuary)
  7 goblins
  A goblin skeleton (D:4)
  A hobgoblin skeleton (D:4)
  A hobgoblin zombie (Ossuary)
  8 jackals
  A jackal zombie (D:5)
  12 kobolds
  4 kobold zombies (Ossuary)
  2 orc zombies
  13 rats
  A rat skeleton (D:5)
121 creatures vanquished.

Notes
Turn   | Place    | Note
--------------------------------------------------------------
     0 | D:1      | Malachi, the Centaur Fighter, began the quest for the Orb.
     0 | D:1      | Reached XP level 1. HP: 19/19 MP: 0/0
   606 | D:2      | Reached XP level 2. HP: 26/26 MP: 1/1
   970 | D:2      | Reached XP level 3. HP: 33/33 MP: 2/2
  1227 | D:3      | Reached XP level 4. HP: 29/39 MP: 2/2
  1462 | D:3      | Noticed Jessica
  1472 | D:3      | Killed Jessica
  1575 | D:3      | Reached XP level 5. HP: 45/45 MP: 3/3
  1861 | D:3      | Reached skill level 4 in Polearms
  1989 | D:3      | Noticed Crazy Yiuf
  1993 | D:3      | Killed Crazy Yiuf
  2060 | D:4      | Noticed Menkaure
  2415 | D:3      | Reached skill level 5 in Polearms
  2415 | D:3      | Reached XP level 6. HP: 48/52 MP: 4/4
  2480 | D:4      | Killed Menkaure
  2597 | D:4      | Found a bloodstained altar of Trog.
  2809 | D:4      | Reached skill level 6 in Polearms
  2833 | D:5      | Entered Level 5 of the Dungeon
  3015 | D:5      | Reached XP level 7. HP: 51/58 MP: 4/4
  3100 | D:5      | Found a blossoming altar of Fedhas.
  3110 | D:5      | Found a staircase to the Ecumenical Temple.
  3123 | Temple   | Entered the Ecumenical Temple
  3127 | Temple   | Became a worshipper of Warmaster Okawaru
  3147 | D:5      | Found Vihanof's Antique Armour Shop.
  3164 | D:5      | Bought a pair of elven gauntlets for 42 gold pieces
  3184 | D:5      | Found a sand-covered staircase.
  3252 | D:5      | Paralysed by a giant eyeball for 2 turns
  3299 | Ossuary  | Entered an ossuary
  3355 | Ossuary  | Reached skill level 7 in Polearms
  3586 | Ossuary  | Slain by a mummy

Action                   |  1- 3 |  4- 6 |  7- 9 || total
-------------------------+-------+-------+-------++-------
Melee: Trident           |   114 |   203 |    91 ||   408
Throw: Javelin           |       |     5 |     3 ||     8
  Use: Scroll            |       |     5 |       ||     5
